| TOP OF THE 1ST |
|
Miami Marlins batting - Pitching for Philadelphia Phillies : RHP Julian Bush
|
|
Pitching: RHP Julian Bush
|
|
|
Batting: RHB Jeff Garofalo
|
0-0: Ball 1-0: Ball 2-0: Fly out, F3 (Popup, 23F, EV 87.5 MPH)
|
|
Batting: RHB Justin Huff
|
0-0: Called Strike 0-1: Ball 1-1: Foul Ball, location: 2F 1-2: Ball 2-2: Fly out, F9 (Line Drive, 9D, EV 98.8 MPH)
|
|
Batting: SHB Matt Altieri
|
0-0: Foul Ball, location: 2F 0-1: Fly out, F5 (Popup, 5F, EV 70.6 MPH)
|
| Top of the 1st over - 0 runs, 0 hits, 0 errors, 0 left on base; Miami 0 - Philadelphia 0 |
| BOTTOM OF THE 1ST |
|
Philadelphia Phillies batting - Pitching for Miami Marlins : RHP Alex Mora
|
|
Pitching: RHP Alex Mora
|
|
|
Batting: SHB Patrick Kimmel
|
0-0: Ball 1-0: Called Strike 1-1: Foul Ball, location: 2F 1-2: Fly out, F6 (Flyball, 56D, EV 92.5 MPH)
|
|
Batting: RHB Ji-an Li
|
0-0: Foul Ball, location: 2F 0-1: SINGLE (Groundball, 34D, EV 98.1 MPH)
|
|
Batting: LHB Eric Katz
|
0-0: DOUBLE (Line Drive, 89D, EV 103.1 MPH) Ji-an Li to third
|
|
Batting: LHB Alberto Figueroa
|
0-0: Fly out, F8 (Flyball, 8RD, EV 99.4 MPH) Runner from 3rd tags up, OUT at HOME! 8-2
|
| Bottom of the 1st over - 0 runs, 2 hits, 0 errors, 1 left on base; Miami 0 - Philadelphia 0 |
| TOP OF THE 2ND |
|
Miami Marlins batting - Pitching for Philadelphia Phillies : RHP Julian Bush
|
|
Batting: LHB Andre Gorter
|
0-0: Ball 1-0: Called Strike 1-1: Ball 2-1: Ball 3-1: Fly out, F9 (Flyball, 9S, EV 88.1 MPH)
|
|
Batting: RHB Jimmy Groseclose
|
0-0: Fly out, F6 (Line Drive, 6, EV 61.9 MPH)
|
|
Batting: RHB Seth Tramontano
|
0-0: Ball 1-0: SOLO HOME RUN (Line Drive, 7D, EV 96.3 MPH), Distance : 376 ft
|
|
Batting: RHB Tommy Hughes
|
0-0: Called Strike 0-1: Foul Ball, location: 2F 0-2: Ground out 6-3 (Groundball, 6, EV 85.6 MPH)
|
| Top of the 2nd over - 1 run, 1 hit, 0 errors, 0 left on base; Miami 1 - Philadelphia 0 |
| BOTTOM OF THE 2ND |
|
Philadelphia Phillies batting - Pitching for Miami Marlins : RHP Alex Mora
|
|
Batting: LHB Ryan Trombley
|
0-0: Ball 1-0: DOUBLE (Flyball, 7LD, EV 108.1 MPH)
|
|
Batting: RHB Raul de la Cruz
|
0-0: Ground out 1-3 (Groundball, 15S, EV 70.6 MPH)
|
|
Batting: LHB Nick Canizales
|
0-0: Ball 1-0: Called Strike 1-1: Ball 2-1: Called Strike 2-2: Ball 3-2: Foul Ball, location: 2F 3-2: Ground out 3-1 (Groundball, 13, EV 93.8 MPH) Ryan Trombley to third
|
|
Batting: RHB Chef Belew
|
0-0: Ball 1-0: Called Strike 1-1: Ball 2-1: Foul Ball, location: 2F 2-2: Ground out 4-3 (Groundball, 4, EV 86.3 MPH)
|
| Bottom of the 2nd over - 0 runs, 1 hit, 0 errors, 1 left on base; Miami 1 - Philadelphia 0 |
| TOP OF THE 3RD |
|
Miami Marlins batting - Pitching for Philadelphia Phillies : RHP Julian Bush
|
|
Batting: LHB Adrian Young
|
0-0: Ball 1-0: SINGLE (Groundball, 5L, EV 87.5 MPH) (infield hit)
|
|
Batting: RHB Gavin Helton
|
0-0: Grounds into double play, 6-4-3 (Groundball, 6D, EV 88.8 MPH)
|
|
Batting: RHB Jeff Garofalo
|
0-0: Called Strike 0-1: Ball 1-1: Foul Ball, location: 2F 1-2: Ball 2-2: Ground out 5-3 (Groundball, 56S, EV 81.9 MPH)
|
| Top of the 3rd over - 0 runs, 1 hit, 0 errors, 0 left on base; Miami 1 - Philadelphia 0 |
| BOTTOM OF THE 3RD |
|
Philadelphia Phillies batting - Pitching for Miami Marlins : RHP Alex Mora
|
|
Batting: RHB Luis Arce
|
0-0: Called Strike 0-1: Fly out, F8 (Flyball, 8LM, EV 90.0 MPH)
|
|
Batting: SHB Patrick Kimmel
|
0-0: Called Strike 0-1: Ball 1-1: Ball 2-1: Foul Ball, location: 2F 2-2: Foul Ball, location: 2F 2-2: SINGLE (Groundball, 34D, EV 96.3 MPH)
|
|
Batting: RHB Ji-an Li
|
0-0: Foul Ball, location: 2F 0-1: Ball 1-1: Ball 2-1: Called Strike 2-2: Ball 3-2: Base on Balls Patrick Kimmel to second
|
|
Batting: LHB Eric Katz
|
0-0: Ball 1-0: Foul Ball, location: 2F 1-1: Ball 2-1: Grounds into double play, 1-6-3 (Groundball, P, EV 72.5 MPH)
|
| Bottom of the 3rd over - 0 runs, 1 hit, 0 errors, 1 left on base; Miami 1 - Philadelphia 0 |
| TOP OF THE 4TH |
|
Miami Marlins batting - Pitching for Philadelphia Phillies : RHP Julian Bush
|
|
Batting: RHB Justin Huff
|
0-0: Ball 1-0: Ball 2-0: Foul Ball, location: 2F 2-1: SINGLE (Line Drive, 34D, EV 95.0 MPH)
|
|
Batting: SHB Matt Altieri
|
0-0: Foul Ball, location: 2F 0-1: Ball 1-1: Ball 2-1: Ball 3-1: Grounds into double play, 4-6-3 (Groundball, 4, EV 85.0 MPH)
|
|
Batting: LHB Andre Gorter
|
0-0: Ball 1-0: Swinging Strike 1-1: Foul Ball, location: 2F 1-2: Fly out, F2 (Popup, 3SF, EV 88.8 MPH)
|
| Top of the 4th over - 0 runs, 1 hit, 0 errors, 0 left on base; Miami 1 - Philadelphia 0 |
| BOTTOM OF THE 4TH |
|
Philadelphia Phillies batting - Pitching for Miami Marlins : RHP Alex Mora
|
|
Batting: LHB Alberto Figueroa
|
0-0: Ground out 4-3 (Groundball, 34, EV 85.0 MPH)
|
|
Batting: LHB Ryan Trombley
|
0-0: Ball 1-0: Called Strike 1-1: Swinging Strike 1-2: Ball 2-2: Strikes out swinging
|
|
Batting: RHB Raul de la Cruz
|
0-0: Fly out, F4 (Popup, 3S, EV 82.5 MPH)
|
| Bottom of the 4th over - 0 runs, 0 hits, 0 errors, 0 left on base; Miami 1 - Philadelphia 0 |
| TOP OF THE 5TH |
|
Miami Marlins batting - Pitching for Philadelphia Phillies : RHP Julian Bush
|
|
Batting: RHB Jimmy Groseclose
|
0-0: Ball 1-0: Ground out 4-3 (Groundball, 4, EV 84.4 MPH)
|
|
Batting: RHB Seth Tramontano
|
0-0: Ball 1-0: Fly out, F7 (Flyball, 7LS, EV 85.0 MPH)
|
|
Batting: RHB Tommy Hughes
|
0-0: Called Strike 0-1: Ball 1-1: Ball 2-1: Ball 3-1: Swinging Strike 3-2: Fly out, F6 (Flyball, 6D, EV 87.5 MPH)
|
| Top of the 5th over - 0 runs, 0 hits, 0 errors, 0 left on base; Miami 1 - Philadelphia 0 |
| BOTTOM OF THE 5TH |
|
Philadelphia Phillies batting - Pitching for Miami Marlins : RHP Alex Mora
|
|
Batting: LHB Nick Canizales
|
0-0: Ball 1-0: Swinging Strike 1-1: Called Strike 1-2: Ball 2-2: Ground out U3 (Groundball, 34S, EV 83.1 MPH)
|
|
Batting: RHB Chef Belew
|
0-0: Ball 1-0: Swinging Strike 1-1: Ball 2-1: Foul Ball, location: 2F 2-2: Ball 3-2: Fly out, F7 (Line Drive, 7, EV 91.9 MPH)
|
|
Batting: RHB Luis Arce
|
0-0: Ball 1-0: Foul Ball, location: 2F 1-1: Swinging Strike 1-2: Ball 2-2: Foul Ball, location: 2F 2-2: Ground out 6-3 (Groundball, 6, EV 100.6 MPH)
|
| Bottom of the 5th over - 0 runs, 0 hits, 0 errors, 0 left on base; Miami 1 - Philadelphia 0 |
| TOP OF THE 6TH |
|
Miami Marlins batting - Pitching for Philadelphia Phillies : RHP Julian Bush
|
|
Batting: LHB Adrian Young
|
0-0: Ball 1-0: Fly out, F7 (Flyball, 7LS, EV 91.9 MPH)
|
|
Batting: RHB Gavin Helton
|
0-0: Ball 1-0: SOLO HOME RUN (Flyball, 7LD, EV 95.0 MPH), Distance : 354 ft
|
|
Batting: RHB Jeff Garofalo
|
0-0: Ball 1-0: Foul Ball, location: 2F 1-1: Bunted foul 1-2: Strikes out swinging
|
|
Batting: RHB Justin Huff
|
0-0: Ball 1-0: Fly out, F7 (Flyball, 7LD, EV 85.0 MPH)
|
| Top of the 6th over - 1 run, 1 hit, 0 errors, 0 left on base; Miami 2 - Philadelphia 0 |
| BOTTOM OF THE 6TH |
|
Philadelphia Phillies batting - Pitching for Miami Marlins : RHP Alex Mora
|
|
Batting: SHB Patrick Kimmel
|
0-0: SINGLE (Line Drive, 7S, EV 105.6 MPH)
|
|
Batting: RHB Ji-an Li
|
0-0: Ball 1-0: Ball Patrick Kimmel steals 2nd base 2-0: Ball 3-0: Called Strike 3-1: Fly out, F2 (Popup, 15S, EV 77.5 MPH)
|
|
Batting: LHB Eric Katz
|
0-0: Ball Patrick Kimmel steals 3rd base 1-0: Ball 2-0: Foul Ball, location: 2F 2-1: SINGLE (Groundball, 4MD, EV 106.9 MPH) (infield hit) Patrick Kimmel scores
|
|
Batting: LHB Alberto Figueroa
|
0-0: Called Strike 0-1: Ball 1-1: Foul Ball, location: 2F 1-2: Fielders Choice at 2nd, 6-4 (Groundball, 6, EV 78.1 MPH)
|
|
Batting: LHB Ryan Trombley
|
0-0: Called Strike 0-1: Foul Ball, location: 2F 0-2: Ball 1-2: Ball Alberto Figueroa steals 2nd base 2-2: Strikes out swinging
|
| Bottom of the 6th over - 1 run, 2 hits, 0 errors, 1 left on base; Miami 2 - Philadelphia 1 |
| TOP OF THE 7TH |
|
Miami Marlins batting - Pitching for Philadelphia Phillies : RHP Julian Bush
|
|
Batting: SHB Matt Altieri
|
0-0: Foul Ball, location: 2F 0-1: Called Strike 0-2: Ball 1-2: Ball 2-2: Fly out, F7 (Flyball, 7LM, EV 90.6 MPH)
|
|
Batting: LHB Andre Gorter
|
0-0: Foul Ball, location: 2F 0-1: Ball 1-1: Ball 2-1: Foul Ball, location: 2F 2-2: Fly out, F9 (Flyball, 89S, EV 91.3 MPH)
|
|
Batting: RHB Jimmy Groseclose
|
0-0: Called Strike 0-1: Ball 1-1: Foul Ball, location: 2F 1-2: Strikes out looking
|
| Top of the 7th over - 0 runs, 0 hits, 0 errors, 0 left on base; Miami 2 - Philadelphia 1 |
| BOTTOM OF THE 7TH |
|
Philadelphia Phillies batting - Pitching for Miami Marlins : RHP Alex Mora
|
|
Batting: RHB Raul de la Cruz
|
0-0: Called Strike 0-1: Fly out, F4 (Popup, 4MD, EV 70.0 MPH)
|
|
Batting: LHB Nick Canizales
|
0-0: Ball 1-0: Foul Ball, location: 2F 1-1: Swinging Strike 1-2: Ball 2-2: Foul Ball, location: 2F 2-2: Foul Ball, location: 2F 2-2: Ball 3-2: Ground out 6-3 (Groundball, 6, EV 84.4 MPH)
|
|
Batting: RHB Chef Belew
|
0-0: Swinging Strike 0-1: Ball 1-1: Ball 2-1: SOLO HOME RUN (Flyball, 78XD, EV 97.5 MPH), Distance : 395 ft
|
|
Batting: RHB Luis Arce
|
0-0: Swinging Strike 0-1: Ball 1-1: SINGLE (Groundball, 6MD, EV 106.3 MPH)
|
|
Pitching: LHP Paul Cantrell
|
|
|
Batting: SHB Patrick Kimmel
|
0-0: Ball Luis Arce steals 2nd base (no throw) 1-0: Ball 2-0: Called Strike 2-1: Ball 3-1: SINGLE (Groundball, 56D, EV 98.1 MPH) Luis Arce to third Runner from 3rd tries for Home, SAFE, throw by LF to home Patrick Kimmel to second
|
|
Batting: RHB Ji-an Li
|
0-0: Ball 1-0: Called Strike 1-1: Foul Ball, location: 2F 1-2: Foul Ball, location: 2F 1-2: Ball 2-2: Ball 3-2: Foul Ball, location: 2F 3-2: Foul Ball, location: 2F 3-2: Foul Ball, location: 2F 3-2: Ground out 1-3 (Groundball, 13S, EV 66.9 MPH)
|
| Bottom of the 7th over - 2 runs, 3 hits, 0 errors, 1 left on base; Miami 2 - Philadelphia 3 |
| TOP OF THE 8TH |
|
Miami Marlins batting - Pitching for Philadelphia Phillies : RHP Julian Bush
|
|
Batting: RHB Seth Tramontano
|
0-0: Foul Ball, location: 2F 0-1: Swinging Strike 0-2: Ball 1-2: Ball 2-2: Ground out 6-3 (Groundball, 6, EV 93.1 MPH)
|
|
Batting: RHB Tommy Hughes
|
0-0: Swinging Strike 0-1: Ground out 4-3 (Groundball, 4, EV 91.3 MPH)
|
|
Batting: LHB Adrian Young
|
0-0: Called Strike 0-1: Ground out 4-3 (Groundball, 4, EV 103.1 MPH)
|
| Top of the 8th over - 0 runs, 0 hits, 0 errors, 0 left on base; Miami 2 - Philadelphia 3 |
| BOTTOM OF THE 8TH |
|
Philadelphia Phillies batting - Pitching for Miami Marlins : LHP Paul Cantrell
|
|
Batting: LHB Eric Katz
|
0-0: Called Strike 0-1: Swinging Strike 0-2: Fly out, F4 (Line Drive, 4, EV 66.3 MPH)
|
|
Batting: LHB Alberto Figueroa
|
0-0: Ball 1-0: Ground out U3 (Groundball, 3L, EV 108.1 MPH)
|
|
Batting: LHB Ryan Trombley
|
0-0: Ball 1-0: Foul Ball, location: 2F 1-1: Foul Ball, location: 2F 1-2: Ball 2-2: Foul Ball, location: 2F 2-2: Foul Ball, location: 2F 2-2: Ground out 5-3 (Groundball, 56D, EV 95.6 MPH)
|
| Bottom of the 8th over - 0 runs, 0 hits, 0 errors, 0 left on base; Miami 2 - Philadelphia 3 |
| TOP OF THE 9TH |
|
Miami Marlins batting - Pitching for Philadelphia Phillies : RHP Julian Bush
|
|
Pitching: LHP Marko Emchenko
|
|
|
Batting: RHB Gavin Helton
|
0-0: Swinging Strike 0-1: Foul Ball, location: 2F 0-2: Strikes out looking
|
|
Batting: RHB Jeff Garofalo
|
0-0: Called Strike 0-1: Ball 1-1: Called Strike 1-2: Ball 2-2: Strikes out swinging
|
|
Batting: RHB Justin Huff
|
0-0: Ball 1-0: Ball 2-0: Ball 3-0: Base on Balls
|
|
Batting: SHB Matt Altieri
|
0-0: Foul Ball, location: 2F 0-1: Ball 1-1: Ball 2-1: Swinging Strike 2-2: Hit by Pitch Justin Huff to second
|
|
Batting: LHB Andre Gorter
|
0-0: Ball 1-0: Swinging Strike 1-1: Foul Ball, location: 2F 1-2: Ball 2-2: Ground out 6-3 (Groundball, 6M, EV 87.5 MPH)
|
| Top of the 9th over - 0 runs, 0 hits, 0 errors, 2 left on base; Miami 2 - Philadelphia 3 |
|